[Event "Titled Tuesday Blitz November 29 Early 2022"]
[White "Wang, Jalen"]
[Black "Begunov, Konstantin"]
[WhiteFideId "2078058"]
[BlackFideId "4118510"]
[WhiteElo "2084"]
[BlackElo "2140"]
[Result "1-0"]
[Round "02"]
[TimeControl "180+1"]
[Date "2022.11.30"]
[WhiteClock "0:01:47"]
[BlackClock "0:00:20"]

1. d4 d5 2. Bf4 c6 3. e3 Qb6 4. Qc1 Bf5 5. Nd2 e6 6. c4 Nd7 7. c5 Qd8 8. b4 g5 9. Bg3 Bg7 10. Ngf3 a5 11. b5 e5 12. Nxe5 Nxe5 13. Bxe5 Bxe5 14. dxe5 Qe7 15. Nf3 g4 16. Nd4 Bd7 17. bxc6 bxc6 18. Rb1 Qxe5 19. Rb6 Ne7 20. Bd3 O-O 21. O-O Rfb8 22. Qa3 Qc7 23. Rfb1 Nc8 24. Rxb8 Rxb8 25. Rxb8 Qxb8 26. Qxa5 Qb2 27. Qd8+ Kg7 28. Qxd7 Qc1+ 29. Bf1 1-0


[Site "https://www.chess.com"]

[Event "Titled Tuesday Blitz November 29 Early 2022"]
[White "Weetik, Vjacheslav"]
[Black "Tsatsalashvili, Keti"]
[WhiteFideId "4153472"]
[BlackFideId "13603434"]
[WhiteElo "2469"]
[BlackElo "2220"]
[Result "1-0"]
[Round "02"]
[TimeControl "180+1"]
[Date "2022.11.30"]
[WhiteClock "0:00:48"]
[BlackClock "0:00:24"]

1. d4 Nf6 2. Nf3 e6 3. c4 d5 4. g3 dxc4 5. Bg2 a6 6. O-O Be7 7. Ne5 O-O 8. Nxc4 c5 9. dxc5 Bxc5 10. Nc3 h6 11. Bf4 Qe7 12. Bd6 Bxd6 13. Qxd6 Nc6 14. Rfd1 Qxd6 15. Rxd6 Bd7 16. Nb6 Rad8 17. Rad1 Nb8 18. Bxb7 e5 19. Ne4 Nxe4 20. Bxe4 f5 21. Bc2 Rf6 22. Rxf6 gxf6 23. Ba4 Kf7 24. Bxd7 Ke7 25. Ba4 Rxd1+ 26. Bxd1 Kd6 27. Bc2 Kc5 28. Na4+ Kb4 29. Nc3 Nc6 30. Bxf5 Nd4 31. Be4 f5 32. e3 fxe4 33. exd4 exd4 34. Nxe4 d3 35. Kf1 a5 36. Ke1 a4 37. Kd2 a3 38. bxa3+ Kxa3 39. Kxd3 Kxa2 40. f4 Kb1 41. f5 Kc1 42. f6 Kd1 43. f7 Ke1 44. f8=Q h5 45. Qf2+ 1-0


[Site "https://www.chess.com"]

[Event "Titled Tuesday Blitz November 29 Early 2022"]
[White "Xiong, Jeffery"]
[Black "Dushyant Sharma"]
[WhiteFideId "2047640"]
[BlackFideId "25065130"]
[WhiteElo "2725"]
[BlackElo "2270"]
[Result "1-0"]
[Round "02"]
[TimeControl "180+1"]
[Date "2022.11.30"]
[WhiteClock "0:00:25"]
[BlackClock "0:00:08"]

1. b3 e6 2. Bb2 d5 3. e3 Nf6 4. g4 c5 5. g5 Nfd7 6. h4 Nc6 7. f4 b6 8. Nf3 Bb7 9. Bg2 Qc7 10. Nc3 a6 11. Qe2 d4 12. Nd1 Nb4 13. d3 dxe3 14. Nxe3 Qxf4 15. O-O Qc7 16. Nf5 O-O-O 17. Nxg7 Rg8 18. Nh5 h6 19. Rae1 hxg5 20. Nxg5 Be7 21. Bg7 Bf8 22. Rxf7 Bxg7 23. Nxg7 Qg3 24. Qf2 Qxg2+ 25. Qxg2 Bxg2 26. Kxg2 e5 27. Nf5 Nxc2 28. Rc1 Nd4 29. Ne7+ Kc7 30. Nxg8 Rxg8 31. Kh3 Ne2 32. Re1 Nf4+ 33. Kg4 Nxd3 34. Re3 e4 35. Rxe4 Ne5+ 36. Rxe5 1-0


[Site "https://www.chess.com"]

[Event "Titled Tuesday Blitz November 29 Early 2022"]
[White "Yeremyan, Alen"]
[Black "Bashirli, Saadat"]
[WhiteFideId "13308998"]
[BlackFideId "13429990"]
[WhiteElo "2159"]
[BlackElo "1408"]
[Result "1-0"]
[Round "02"]
[TimeControl "180+1"]
[Date "2022.11.30"]
[WhiteClock "0:00:40"]
[BlackClock "0:00:05"]

1. c4 e6 2. e4 c6 3. Nc3 d5 4. d4 Bb4 5. Bd3 dxe4 6. Bxe4 Nf6 7. Bc2 O-O 8. Ne2 c5 9. O-O cxd4 10. Nxd4 Nc6 11. Nxc6 bxc6 12. Qf3 Qb6 13. Be3 Qc7 14. Bg5 Nd7 15. Ne4 f5 16. Nc3 Ne5 17. Qe2 Bd6 18. Rad1 Ng4 19. h3 Nf6 20. Rfe1 Rb8 21. Bb3 Kh8 22. Qe3 a5 23. c5 Be7 24. Bf4 Qb7 25. Bxb8 Qxb8 26. Bxe6 Bxe6 27. Qxe6 Bxc5 28. Qxc6 Bb4 29. a3 Bxc3 30. bxc3 Qb2 31. Qc5 Kg8 32. Qxa5 Ne4 33. Qd5+ Kh8 34. Qxf5 Nf6 35. c4 g6 36. Qe5 Qxa3 37. Qe7 Qa8 38. Rd6 Nh5 39. Rd7 1-0


[Site "https://www.chess.com"]

[Event "Titled Tuesday Blitz November 29 Early 2022"]
[White "Yuan, Qingyu"]
[Black "Tworuszka, Michal"]
[WhiteFideId "8609772"]
[BlackFideId "1117858"]
[WhiteElo "2359"]
[BlackElo "2415"]
[Result "1-0"]
[Round "02"]
[TimeControl "180+1"]
[Date "2022.11.30"]
[WhiteClock "0:00:33"]
[BlackClock "0:00:02"]

1. e4 c5 2. Nf3 d6 3. d4 cxd4 4. Nxd4 Nf6 5. Nc3 a6 6. Rg1 e5 7. Nb3 Be6 8. g4 d5 9. exd5 Nxd5 10. Bd2 Nc6 11. Bg2 Be7 12. Nxd5 Bxd5 13. Be3 Bxg2 14. Qxd8+ Rxd8 15. Rxg2 Nb4 16. f3 Nd5 17. Bd2 O-O 18. O-O-O Rfe8 19. Re2 Bf8 20. Na5 Rd7 21. c3 f6 22. Kc2 b6 23. Nb3 Rc8 24. Ree1 Nb4+ 25. Kb1 Nd3 26. Rf1 Nc5 27. Be3 Nxb3 28. axb3 Rxd1+ 29. Rxd1 Bc5 30. Bxc5 bxc5 31. Rd6 a5 32. Ra6 Kf7 33. Rxa5 g6 34. Ra7+ Kg8 35. Re7 Rf8 36. Rc7 f5 37. Rxc5 e4 38. fxe4 fxe4 39. Re5 Rf4 40. g5 Kf7 41. b4 Rf1+ 42. Ka2 Re1 43. b5 e3 44. b6 e2 45. b7 1-0


[Site "https://www.chess.com"]

[Event "Titled Tuesday Blitz November 29 Early 2022"]
[White "Yurasova, Daria"]
[Black "Sargissyan, Sargis"]
[WhiteFideId "34146919"]
[BlackFideId "13303210"]
[WhiteElo "2097"]
[BlackElo "2109"]
[Result "1-0"]
[Round "02"]
[TimeControl "180+1"]
[Date "2022.11.30"]
[WhiteClock "0:00:13"]
[BlackClock "0:00:01"]

1. d4 Nf6 2. c4 g6 3. f3 d5 4. cxd5 Nxd5 5. e4 Nb6 6. Nc3 Bg7 7. Be3 O-O 8. Qd2 Nc6 9. O-O-O e5 10. d5 Nd4 11. Nge2 Nc4 12. Qd3 Nxe3 13. Qxe3 c5 14. Kb1 b5 15. h4 b4 16. Na4 Qa5 17. b3 c4 18. h5 Bd7 19. Nb2 cxb3 20. axb3 Rfc8 21. hxg6 fxg6 22. Nxd4 exd4 23. Qd2 d3 24. Bxd3 Rc3 25. Bc4 Rc8 26. d6+ R8xc4 27. bxc4 Rb3 28. Qd5+ Qxd5 29. exd5 Rxb2+ 30. Kc1 Rxg2 31. Rd2 Rxd2 32. Kxd2 Bd4 33. Kd3 Bc5 34. Re1 Bxd6 35. Kd4 Bg3 36. Re7 Bf5 37. c5 b3 38. Rb7 Bf2+ 39. Kc4 Bc2 40. d6 1-0


[Site "https://www.chess.com"]

[Event "Titled Tuesday Blitz November 29 Early 2022"]
[White "Zacurdajev, Dmitry"]
[Black "Deev, Andrei"]
[WhiteFideId "4196309"]
[BlackFideId "4102690"]
[WhiteElo "2179"]
[BlackElo "2286"]
[Result "0-1"]
[Round "02"]
[TimeControl "180+1"]
[Date "2022.11.30"]
[WhiteClock "0:00:02"]
[BlackClock "0:01:06"]

1. d4 d6 2. c4 e5 3. d5 f5 4. g3 Nf6 5. Bg2 g6 6. Nc3 Bg7 7. e4 O-O 8. Nge2 fxe4 9. Bg5 Bf5 10. O-O Nbd7 11. Nxe4 h6 12. Nxf6+ Nxf6 13. Bxf6 Qxf6 14. Nc3 e4 15. Qb3 b6 16. Rae1 Rae8 17. Re3 h5 18. Nb5 Qf7 19. Nxa7 Bd4 20. Nc6 Bxe3 21. fxe3 Qg7 22. Nd4 Qh6 23. Qc3 h4 24. Rf4 hxg3 25. hxg3 Qg5 26. Kf2 Re7 27. Ne6 Bxe6 28. Rxf8+ Kxf8 29. dxe6 Qf5+ 30. Ke1 Qxe6 31. Qh8+ Qg8 32. Qh6+ Qg7 33. Qf4+ Qf7 34. Qh6+ Kg8 35. b3 Qf5 36. Bh3 Qf6 37. Bg4 Rh7 38. Qf4 Qxf4 39. exf4 Rh2 40. a4 Rb2 41. Be6+ Kg7 42. c5 dxc5 43. Bd5 e3 44. Bc4 Kf6 45. Bd5 Kf5 0-1


[Site "https://www.chess.com"]

[Event "Titled Tuesday Blitz November 29 Early 2022"]
[White "Zaloznyy, Mike"]
[Black "Kalashian, David"]
[WhiteFideId "2023075"]
[BlackFideId "13302418"]
[WhiteElo "2126"]
[BlackElo "2490"]
[Result "0-1"]
[Round "02"]
[TimeControl "180+1"]
[Date "2022.11.30"]
[WhiteClock "0:00:15"]
[BlackClock "0:01:48"]

1. Nf3 Nf6 2. g3 d5 3. Bg2 g6 4. b3 Bg7 5. Bb2 O-O 6. c4 c6 7. O-O Bg4 8. Ne5 Bf5 9. d3 Nfd7 10. f4 Nxe5 11. Bxe5 Bxe5 12. fxe5 dxc4 13. bxc4 Qd4+ 14. e3 Qxa1 15. g4 Be6 16. d4 Bxc4 17. Re1 Qb2 18. h4 Bd5 19. e4 Bxa2 20. Nd2 Qxd4+ 21. Kh1 Rd8 0-1


[Site "https://www.chess.com"]

[Event "Titled Tuesday Blitz November 29 Early 2022"]
[White "Zatonskih, Anna"]
[Black "Grapsa, Georgia"]
[WhiteFideId "14101572"]
[BlackFideId "4206436"]
[WhiteElo "2362"]
[BlackElo "1877"]
[Result "0-1"]
[Round "02"]
[TimeControl "180+1"]
[Date "2022.11.30"]
[WhiteClock "0:01:23"]
[BlackClock "0:01:13"]

1. e4 d5 2. exd5 Qxd5 3. Nc3 Qa5 4. d4 Nf6 5. Bc4 c6 6. Qe2 Bf5 7. Nf3 e6 8. Bd2 Bb4 9. O-O-O O-O 10. Ne5 Nbd7 11. Nxd7 Nxd7 12. g4 Bg6 13. h4 h5 14. Rhg1 hxg4 15. Qxg4 Qf5 16. Qxf5 Bxf5 17. Bh6 Kh7 18. Bxg7 Rg8 19. Be5 Nxe5 20. dxe5 Rxg1 21. Rxg1 Rd8 22. Rg3 Rd4 23. h5 Rxc4 0-1


[Site "https://www.chess.com"]

[Event "Titled Tuesday Blitz November 29 Early 2022"]
[White "Zhu, Jiner"]
[Black "Vasques, Antonio Pedro Freixial"]
[WhiteFideId "8608059"]
[BlackFideId "1908332"]
[WhiteElo "2384"]
[BlackElo "2243"]
[Result "1-0"]
[Round "02"]
[TimeControl "180+1"]
[Date "2022.11.30"]
[WhiteClock "0:00:11"]
[BlackClock "0:00:05"]

1. c4 Nf6 2. Nc3 g6 3. d4 Bg7 4. e4 d6 5. Nf3 O-O 6. Be2 Na6 7. O-O e5 8. Be3 c6 9. Rb1 exd4 10. Nxd4 Nc5 11. f3 a5 12. b3 Re8 13. Qd2 Nfd7 14. Rfe1 h5 15. Bf1 Nf8 16. Nc2 Be5 17. Rbd1 Qf6 18. Ne2 Nfe6 19. Kh1 Qh4 20. g3 Qf6 21. Bg2 h4 22. f4 Bb2 23. Ncd4 Nxd4 24. Nxd4 Ba3 25. Nc2 Bb2 26. e5 Qh8 27. Kg1 Bf5 28. Nd4 Bxd4 29. Bxd4 Ne6 30. exd6 Nxd4 31. Rxe8+ Rxe8 32. Qxd4 Re1+ 33. Kf2 Rxd1 34. Qxd1 Qb2+ 35. Kg1 h3 36. Bf1 Qc3 37. Kf2 Bc2 38. d7 Bxd1 39. d8=Q+ Kg7 40. Qxd1 Qb2+ 41. Be2 Qxa2 42. Qd4+ Kh7 43. Qc3 Qb1 44. Bf3 Qa2+ 45. Be2 Qb1 46. Qf3 Qc2 47. g4 Qc1 48. Qxh3+ Kg7 49. Qf3 Qb2 50. Kg2 Qd4 51. h4 Qd2 52. h5 b5 53. hxg6 fxg6 54. cxb5 cxb5 55. Qb7+ Kg8 56. Qb8+ Kg7 57. Qe5+ Kg8 58. Kf3 1-0


[Site "https://www.chess.com"]

[Event "Titled Tuesday Blitz November 29 Early 2022"]
[White "Zivkovic, Nemanja"]
[Black "Jiganchine, Roman"]
[WhiteFideId "942154"]
[BlackFideId "2603667"]
[WhiteElo "2372"]
[BlackElo "2302"]
[Result "1-0"]
[Round "02"]
[TimeControl "180+1"]
[Date "2022.11.30"]
[WhiteClock "0:01:17"]
[BlackClock "0:00:33"]

1. b3 e5 2. Bb2 f6 3. e4 c6 4. d4 d6 5. Nd2 a5 6. a4 Nd7 7. Bd3 g6 8. Ne2 Bg7 9. O-O Ne7 10. Nc4 Qc7 11. Ba3 c5 12. dxe5 Nxe5 13. Nxd6+ Kf8 14. Nb5 Qc6 15. Nf4 Bg4 16. f3 Bd7 17. Be2 Bh6 18. Nd3 Be3+ 19. Kh1 Kg7 20. f4 Nxd3 21. Qxd3 Bd4 22. Nxd4 cxd4 23. Bxe7 Rhe8 24. Ba3 Rac8 25. Bf3 Qxc2 26. Qxd4 Be6 27. Bb2 1-0


[Site "https://www.chess.com"]

[Event "Titled Tuesday Blitz November 29 Early 2022"]
[White "sabkeIXO"]
[Black "Antonova, Nadezhda"]
[BlackFideId "14700182"]
[WhiteElo "2469"]
[BlackElo "1813"]
[Result "1-0"]
[Round "02"]
[TimeControl "180+1"]
[Date "2022.11.30"]
[WhiteClock "0:00:43"]
[BlackClock "0:00:08"]

1. e4 c5 2. Nc3 Nc6 3. f4 e6 4. Nf3 d5 5. Bb5 Ne7 6. d3 a6 7. Bxc6+ Nxc6 8. O-O Be7 9. f5 O-O 10. Bf4 exf5 11. Nxd5 fxe4 12. dxe4 Be6 13. c4 Rc8 14. Qb3 Nd4 15. Nxd4 cxd4 16. Qxb7 Bxd5 17. cxd5 Rc2 18. Rad1 Bg5 19. Qb3 Re2 20. Qf3 Rxb2 21. Rxd4 Bxf4 22. Qxf4 Qb6 23. Qe3 Rxa2 24. Kh1 Qb2 25. Rg1 h6 26. d6 Rd8 27. e5 Qb6 28. e6 fxe6 29. Qxe6+ 1-0


[Site "https://www.chess.com"]

[Event "Titled Tuesday Blitz November 29 Early 2022"]
[White "Akbas, Umut Ata"]
[Black "Bettalli, Francesco"]
[WhiteFideId "44572646"]
[BlackFideId "2816453"]
[WhiteElo "2192"]
[BlackElo "2216"]
[Result "1-0"]
[Round "03"]
[TimeControl "180+1"]
[Date "2022.11.30"]
[WhiteClock "0:00:11"]
[BlackClock "0:00:02"]

1. d4 Nf6 2. c4 g6 3. Nc3 d6 4. Nf3 Bg7 5. Bg5 O-O 6. e3 Nbd7 7. Be2 c5 8. O-O cxd4 9. exd4 b6 10. Re1 Bb7 11. Bf1 Rc8 12. h3 h6 13. Bh4 g5 14. Bg3 Nh5 15. Bh2 Nf4 16. Bxf4 gxf4 17. Nd5 e5 18. dxe5 Nxe5 19. Nd4 Bxd5 20. cxd5 Qg5 21. Kh1 Rc5 22. Nb3 Rc7 23. Nd2 Rfc8 24. Ba6 Re8 25. Nf3 Qg6 26. Bd3 Qh5 27. Nd4 Qxd1 28. Raxd1 Rec8 29. Ba6 Rd8 30. b3 Rc5 31. Nf5 Bf8 32. Re4 f3 33. gxf3 Rc2 34. Rg1+ Kh7 35. Re3 Rxf2 36. Bb5 Nxf3 37. Rg2 Rf1+ 38. Bxf1 Ne5 39. Nd4 Rc8 40. Nc6 Nxc6 41. Bd3+ Kh8 42. dxc6 Rxc6 43. Reg3 Rc1+ 44. Kh2 Be7 45. Rg8# 1-0


[Site "https://www.chess.com"]

[Event "Titled Tuesday Blitz November 29 Early 2022"]
[White "Aldokhin, Ivan"]
[Black "Ivic, Velimir"]
[WhiteFideId "24115720"]
[BlackFideId "950122"]
[WhiteElo "2313"]
[BlackElo "2625"]
[Result "0-1"]
[Round "03"]
[TimeControl "180+1"]
[Date "2022.11.30"]
[WhiteClock "0:00:03"]
[BlackClock "0:00:03"]

1. e4 c5 2. Nf3 e6 3. d4 cxd4 4. Nxd4 Nf6 5. Nc3 Nc6 6. Ndb5 d6 7. Bf4 e5 8. Bg5 a6 9. Bxf6 gxf6 10. Na3 b5 11. Nd5 f5 12. exf5 Bxf5 13. c3 Bg7 14. Be2 O-O 15. Nc2 Be6 16. a4 bxa4 17. Rxa4 f5 18. Rxa6 Rxa6 19. Bxa6 e4 20. O-O f4 21. Re1 Qg5 22. Nc7 Bg4 23. Qd5+ Qxd5 24. Nxd5 Ne5 25. Rxe4 f3 26. Nce3 Bd7 27. gxf3 Nxf3+ 28. Kg2 Ng5 29. Re7 Bh3+ 30. Kg3 Rf3+ 31. Kh4 h6 32. Be2 Rxf2 33. Bg4 Rxh2 34. Bxh3 Rxh3+ 35. Kg4 Rh2 36. Nf5 Rg2+ 37. Kh5 Nf7 38. Re8+ Kh7 39. Kh4 Be5 40. Re7 Kg8 41. Nfe3 Rg1 42. b4 Ng5 43. Kh5 Nf3 44. Nf5 Rg5+ 45. Kxh6 Rxf5 46. b5 Bf6 47. Kg6 Rxd5 48. Kxf6 Rxb5 49. Ke6 d5 50. Rd7 Rc5 51. Rxd5 Rxc3 52. Kf5 Kg7 53. Rd7+ Kf8 54. Rd6 Ke7 55. Rd1 Rc4 56. Rd3 Nd4+ 57. Ke5 Ne6 58. Kd5 Rc5+ 59. Ke4 Kf6 60. Rf3+ Ke7 61. Rf5 Rc4+ 62. Ke5 Ra4 63. Rf1 Ra5+ 64. Ke4 Nc5+ 65. Kd5 Nd7+ 66. Kc6 Ne5+ 67. Kb6 Rd5 68. Re1 Kd6 69. Kb7 Nd7 70. Ka6 Kc6 71. Rc1+ Nc5+ 72. Ka5 Rd4 73. Rc4 Rd3 74. Kb4 Rb3+ 75. Ka5 Rb5# 0-1


[Site "https://www.chess.com"]

[Event "Titled Tuesday Blitz November 29 Early 2022"]
[White "Andrews, Todd"]
[Black "Wagner, Dennis"]
[WhiteFideId "2012456"]
[BlackFideId "24650684"]
[WhiteElo "2347"]
[BlackElo "2470"]
[Result "0-1"]
[Round "03"]
[TimeControl "180+1"]
[Date "2022.11.30"]
[WhiteClock "0:00:10"]
[BlackClock "0:00:21"]

1. e4 c5 2. Nf3 d6 3. d3 Nc6 4. g3 g6 5. Bg2 Bg7 6. O-O e5 7. Nc3 Nge7 8. Nd2 Be6 9. Nc4 O-O 10. Nd5 b5 11. Nce3 Qd7 12. a4 b4 13. a5 Rab8 14. Nc4 Rfd8 15. f4 Bh3 16. f5 Bxg2 17. Kxg2 Nxd5 18. exd5 Nd4 19. f6 Bf8 20. a6 b3 21. c3 Nc2 22. Rb1 Qb5 23. h4 Qxa6 24. h5 Qb7 25. Qf3 h6 26. hxg6 fxg6 27. f7+ Kh7 28. Bg5 hxg5 29. Rh1+ Kg7 30. Rbf1 Be7 31. Qg4 Qxd5+ 32. Kg1 Rh8 33. Rxh8 Rxh8 34. Qe4 Qxe4 35. dxe4 Rf8 36. Ne3 Rxf7 0-1


[Site "https://www.chess.com"]

[Event "Titled Tuesday Blitz November 29 Early 2022"]
[White "Arabidze, Meri"]
[Black "Lenderman, Aleksandr"]
[WhiteFideId "13604040"]
[BlackFideId "2021285"]
[WhiteElo "2403"]
[BlackElo "2607"]
[Result "0-1"]
[Round "03"]
[TimeControl "180+1"]
[Date "2022.11.30"]
[WhiteClock "0:00:03"]
[BlackClock "0:00:46"]

1. Nf3 b6 2. b3 Bb7 3. Bb2 e6 4. g3 Nf6 5. Bg2 Be7 6. O-O O-O 7. c4 d5 8. cxd5 Nxd5 9. Nc3 c5 10. Nxd5 Bxd5 11. d4 Bf6 12. Re1 cxd4 13. Bxd4 Bxf3 14. Bxf3 Qxd4 15. Bxa8 Qxa1 16. Qxa1 Bxa1 17. Rxa1 Na6 18. Bf3 Rd8 19. Rc1 Kf8 20. a3 Rd7 21. b4 Rc7 22. Rd1 Ke7 23. Rd3 Rc1+ 24. Kg2 Nc7 25. g4 g5 26. Be4 Rc4 27. f3 h6 28. h4 Nb5 29. Bb7 Rc3 30. Rd1 Nxa3 31. Ba6 Nc2 32. Rb1 gxh4 33. b5 Nd4 34. Rb2 Kf6 35. Rd2 Ke5 36. Kf2 Rc2 37. f4+ Kd5 38. Rd3 Rxe2+ 39. Kf1 Re4 40. Bb7+ Kc4 41. Bxe4 f5 42. gxf5 exf5 43. Bg2 Kxd3 0-1


[Site "https://www.chess.com"]

[Event "Titled Tuesday Blitz November 29 Early 2022"]
[White "Atakhan, Abtin"]
[Black "Abasov, Nijat"]
[WhiteFideId "22502203"]
[BlackFideId "13402960"]
[WhiteElo "2298"]
[BlackElo "2546"]
[Result "0-1"]
[Round "03"]
[TimeControl "180+1"]
[Date "2022.11.30"]
[WhiteClock "0:00:01"]
[BlackClock "0:00:16"]

1. c4 c5 2. g3 Nc6 3. Bg2 g6 4. Nc3 Bg7 5. d3 d6 6. Qd2 e6 7. b3 Nge7 8. Bb2 b6 9. e3 Bb7 10. Nge2 h5 11. h4 Qd7 12. d4 cxd4 13. exd4 Nxd4 14. Bxb7 Qxb7 15. O-O-O Nxe2+ 16. Nxe2 Bxb2+ 17. Qxb2 O-O 18. g4 Qf3 19. gxh5 Qxh5 20. Ng3 Qh6+ 21. Kb1 d5 22. Qf6 Rae8 23. h5 Qg7 24. Qf3 g5 25. h6 Qh7+ 26. Kb2 f5 27. cxd5 Nxd5 28. Rh5 Qh8+ 29. Ka3 Qf6 30. Ne2 Kh7 31. Nd4 Rd8 32. Rhh1 e5 33. Nb5 e4 34. Qe2 a6 35. Nd4 Nc3 36. Qc4 Nxd1 37. Rxd1 Rd7 38. Rd2 Rfd8 39. Ne6 Rxd2 40. Nxg5+ Qxg5 41. Qf7+ Kxh6 42. Qe6+ Qg6 0-1


[Site "https://www.chess.com"]

[Event "Titled Tuesday Blitz November 29 Early 2022"]
[White "Aung Thant Zin"]
[Black "Mayaud, Raphael"]
[WhiteFideId "13000063"]
[BlackFideId "627151"]
[WhiteElo "2278"]
[BlackElo "2191"]
[Result "0-1"]
[Round "03"]
[TimeControl "180+1"]
[Date "2022.11.30"]
[WhiteClock "0:00:04"]
[BlackClock "0:00:52"]

1. e4 d5 2. exd5 Qxd5 3. Nc3 Qa5 4. g3 c6 5. Bg2 Nf6 6. Nge2 Bf5 7. O-O e6 8. d3 Be7 9. Bd2 Qd8 10. a4 a5 11. h3 h6 12. Re1 O-O 13. Ne4 Nbd7 14. Bc3 Bb4 15. Nxf6+ Nxf6 16. Nd4 Bg6 17. Qd2 Bc5 18. Nb3 Bb6 19. Rad1 Nd5 20. Be5 Qd7 21. g4 Rfe8 22. Bg3 Rad8 23. Qc1 Bc7 24. Kh2 Bxg3+ 25. fxg3 b5 26. axb5 cxb5 27. Nxa5 Rc8 28. Nb3 Nb4 29. Rd2 Rc7 30. Qd1 Rec8 31. c3 Nd5 32. Nd4 b4 33. c4 Nc3 34. bxc3 bxc3 0-1


[Site "https://www.chess.com"]

[Event "Titled Tuesday Blitz November 29 Early 2022"]
[White "Balabayeva, Xeniya"]
[Black "Ravot, Sylvain"]
[WhiteFideId "13719688"]
[BlackFideId "627763"]
[WhiteElo "2041"]
[BlackElo "2195"]
[Result "1-0"]
[Round "03"]
[TimeControl "180+1"]
[Date "2022.11.30"]
[WhiteClock "0:00:17"]
[BlackClock "0:00:02"]

1. d4 d5 2. Bf4 c5 3. e3 Nc6 4. c3 Qb6 5. Qc2 g6 6. Nd2 Bf5 7. Qb3 c4 8. Qxb6 axb6 9. e4 dxe4 10. Nxc4 b5 11. Nb6 Ra5 12. b4 Ra3 13. Bxb5 e6 14. Na4 Kd8 15. Bc1 Nxb4 16. cxb4 Bxb4+ 17. Kd1 Bc3 18. Rb1 e3 19. Bxa3 exf2 20. Nh3 Bxb1 21. Nxc3 Nf6 22. Nxb1 1-0


[Site "https://www.chess.com"]

[Event "Titled Tuesday Blitz November 29 Early 2022"]
[White "Barria Zuniga, Daniel"]
[Black "Le, Tuan Minh"]
[WhiteFideId "3400816"]
[BlackFideId "12401153"]
[WhiteElo "2414"]
[BlackElo "2530"]
[Result "0-1"]
[Round "03"]
[TimeControl "180+1"]
[Date "2022.11.30"]
[WhiteClock "0:00:01"]
[BlackClock "0:00:09"]

1. c4 c6 2. g3 g6 3. Bg2 Bg7 4. Nf3 Nf6 5. O-O O-O 6. b3 d5 7. Bb2 a5 8. d3 Bg4 9. h3 Bxf3 10. Bxf3 e6 11. Nd2 Qe7 12. Qc2 Nbd7 13. Bg2 h5 14. a3 e5 15. cxd5 cxd5 16. Rfc1 Rfd8 17. Qc7 b6 18. Nf3 Ne8 19. Qc6 e4 20. Nd4 exd3 21. exd3 Nc5 22. Qb5 Qd7 23. Rxc5 bxc5 24. Qxc5 a4 25. b4 Rac8 26. Qa5 h4 27. g4 Nc7 28. b5 Nxb5 29. Nxb5 Bxb2 30. Rb1 Rc1+ 31. Rxc1 Bxc1 32. Qxa4 Re8 33. Qd1 Bb2 0-1


[Site "https://www.chess.com"]

[Event "Titled Tuesday Blitz November 29 Early 2022"]
[White "Bashirli, Saadat"]
[Black "Ilkhomi, Jaloliddin"]
[WhiteFideId "13429990"]
[BlackFideId "14700948"]
[WhiteElo "1408"]
[BlackElo "2045"]
[Result "0-1"]
[Round "03"]
[TimeControl "180+1"]
[Date "2022.11.30"]
[WhiteClock "0:00:34"]
[BlackClock "0:00:46"]

1. d4 Nf6 2. c4 e6 3. Nc3 Bb4 4. e3 O-O 5. Bd3 d5 6. a3 Bxc3+ 7. bxc3 b6 8. cxd5 exd5 9. Ne2 c5 10. O-O Ba6 11. Bc2 Nc6 12. f3 Re8 13. Re1 Rc8 14. Bb1 Ne7 15. Ra2 Ng6 16. Ng3 Qc7 17. Rc2 Bc4 18. Rb2 cxd4 19. cxd4 Ba6 20. Rc2 Qd7 21. Rxc8 Qxc8 22. Bb2 Qc4 23. Nf5 Qc6 24. Qd2 Ne7 25. Rc1 Qd7 26. Nxe7+ Qxe7 27. Kf2 Rc8 28. Rxc8+ Bxc8 29. Qc2 Be6 30. Qc6 g6 31. Bd3 Bf5 32. Bxf5 gxf5 33. Qc8+ Kg7 34. Qxf5 h6 35. Qc2 Qd6 36. g3 Qe6 37. Qc7 Qf5 38. Qc3 Ne4+ 39. Kg2 Nxc3 40. Bxc3 Qc2+ 41. Kh3 Qxc3 42. e4 Qxd4 43. exd5 Qxd5 44. Kg2 Qd2+ 45. Kh3 Qe3 46. Kg2 Qe2+ 47. Kh3 Qxf3 48. a4 h5 49. a5 bxa5 50. Kh4 Qg4# 0-1


[Site "https://www.chess.com"]

[Event "Titled Tuesday Blitz November 29 Early 2022"]
[White "Baskakov, Egor"]
[Black "Delorme, Alban"]
[WhiteFideId "24197866"]
[BlackFideId "623636"]
[WhiteElo "2211"]
[BlackElo "2197"]
[Result "1-0"]
[Round "03"]
[TimeControl "180+1"]
[Date "2022.11.30"]
[WhiteClock "0:01:19"]
[BlackClock "0:00:51"]

1. e4 c5 2. Nf3 Nc6 3. Nc3 d6 4. d4 cxd4 5. Nxd4 Nf6 6. g3 g6 7. Nde2 Bg7 8. Bg2 O-O 9. h3 Be6 10. O-O Rc8 11. a4 Nb4 12. Be3 Qd7 13. Kh2 d5 14. e5 Ne8 15. f4 f6 16. exf6 Nxf6 17. Bxa7 Ne4 18. Nd4 Nxc3 19. bxc3 Rxc3 20. Nxe6 Qxe6 21. Rb1 Qd6 22. Bd4 Rc4 23. Bxg7 Kxg7 24. c3 Nc6 25. Qxd5 Qxd5 26. Bxd5 Rxc3 27. Rxb7 Kf6 28. Rb6 Rc8 29. Re1 Kg7 30. Bxc6 R8xc6 31. Rxc6 Rxc6 32. Rxe7+ Kh6 33. Re2 Ra6 34. Ra2 g5 35. fxg5+ Kxg5 36. a5 h5 37. Ra4 Kf5 38. Kg2 Ke5 39. Kf3 Kf5 40. g4+ hxg4+ 41. hxg4+ Kg5 42. Ke3 Kf6 43. Kd4 1-0


[Site "https://www.chess.com"]

[Event "Titled Tuesday Blitz November 29 Early 2022"]
[White "Begunov, Konstantin"]
[Black "Tsukerman, Julia"]
[WhiteFideId "4118510"]
[BlackFideId "2621649"]
[WhiteElo "2140"]
[BlackElo "1667"]
[Result "1-0"]
[Round "03"]
[TimeControl "180+1"]
[Date "2022.11.30"]
[WhiteClock "0:00:05"]
[BlackClock "0:00:12"]

1. d4 d5 2. c4 e6 3. Nc3 Be7 4. Nf3 Nf6 5. cxd5 exd5 6. Bg5 c6 7. Qc2 Nbd7 8. e3 Nh5 9. Bxe7 Qxe7 10. O-O-O Nb6 11. Bd3 g6 12. Ne5 Be6 13. g4 Ng7 14. f4 O-O-O 15. f5 Bd7 16. f6 Qxf6 17. Rhf1 Qh4 18. Nxf7 Bxg4 19. Rd2 Nf5 20. Bxf5+ Bxf5 21. Qd1 Qe7 22. Nxh8 Rxh8 23. Qf3 Re8 24. Re1 Nc4 25. Rde2 Kb8 26. h4 Nd6 27. Qf4 Ka8 28. Qg5 Qe6 29. e4 Nxe4 30. Nxe4 dxe4 31. b3 Qd5 32. Qe3 Rd8 33. Kb2 Qxd4+ 34. Qxd4 Rxd4 35. Kc3 Rd3+ 36. Kc2 Rh3 37. Kb2 Rxh4 38. Rd2 Kb8 39. Rd8+ Kc7 40. Red1 e3 41. Re8 Re4 42. Rxe4 Bxe4 43. Re1 Bd5 44. Rxe3 Kd6 45. Kc3 h5 46. Re8 Bf7 47. Rf8 Ke6 48. Rb8 b6 49. Rb7 h4 50. Rxa7 h3 51. Ra4 g5 52. Ra8 g4 53. Rh8 Kf5 54. Kd3 Kf4 55. Rf8 Kg3 56. Rxf7 h2 57. Rh7 Kg2 58. Ke3 h1=Q 59. Rxh1 Kxh1 60. Kf4 Kg2 61. Kxg4 Kf2 62. a4 b5 63. a5 c5 64. a6 c4 65. bxc4 bxc4 66. a7 c3 67. a8=Q c2 68. Qc6 1-0


[Site "https://www.chess.com"]

[Event "Titled Tuesday Blitz November 29 Early 2022"]
[White "Bethke, Richard"]
[Black "Zaloznyy, Mike"]
[WhiteFideId "12959243"]
[BlackFideId "2023075"]
[WhiteElo "2369"]
[BlackElo "2126"]
[Result "1-0"]
[Round "03"]
[TimeControl "180+1"]
[Date "2022.11.30"]
[WhiteClock "0:00:54"]
[BlackClock "0:00:03"]

1. e4 c6 2. Nf3 d5 3. Nc3 dxe4 4. Nxe4 Nf6 5. Qe2 Nxe4 6. Qxe4 Nd7 7. Bc4 Nf6 8. Ne5 e6 9. Qe2 b5 10. Bd3 Qc7 11. a4 b4 12. b3 Bb7 13. Bb2 Bd6 14. O-O-O O-O 15. g4 Nd5 16. Qe4 f5 17. Qe1 Nc3 18. dxc3 Bxe5 19. cxb4 Bxb2+ 20. Kxb2 Rae8 21. Bc4 Kh8 22. Rg1 f4 23. Qc3 c5 24. bxc5 Qxc5 25. Rd7 Re7 26. Rgd1 Rfe8 27. b4 Qb6 28. a5 Qc6 29. Rxe7 Rxe7 30. Rd8+ Re8 31. b5 Rxd8 32. bxc6 Bxc6 33. Bxe6 Rb8+ 34. Bb3 Ba4 35. Qe5 1-0


[Site "https://www.chess.com"]